 Dungeon Crawl Stone Soup version 0.16-a0-3458-g6d2551d (webtiles) character file.

5177 NewYearsCrawler the Blocker (level 10, 0/70 HPs)
             Began as a Formicid Fighter on Jan 2, 2015.
             Was a Priest of Okawaru.
             Succumbed to a guardian serpent's bolt of poison
             ... on level 10 of the Dungeon.
             The game lasted 00:19:54 (9868 turns).

NewYearsCrawler the Blocker (Formicid Fighter)      Turns: 9868, Time: 00:19:54

Health: 0/70       AC: 16    Str: 25    XL:     10   Next: 90%
Magic:  13/13      EV:  6    Int:  7    God:    Okawaru [***...]
Gold:   406        SH: 20    Dex:  8    Spells: 0 memorised, 9 levels left

rFire  + . .     SeeInvis +     a - +1 war axe
rCold  + . .     Clarity  .     k - +0 plate armour
rNeg   . . .     SustAb   .     l - +1 large shield
rPois  .         Gourm    .     (helmet unavailable)
rElec  .         Spirit   .     (no cloak)
rCorr  +         Warding  .     w - +0 pair of gloves
rMut   .         Stasis   +     (no boots)
MR     +....                    v - amulet of resist corrosion
Stlth  ..........               j - ring of protection from fire
                                q - ring of protection from cold

@: lethally poisoned, somewhat resistant to hostile enchantments, extremely
unstealthy
A: permanent stasis, dig shafts and tunnels, four strong arms, antennae 3,
iridescent scales 1, clumsy 1
a: Dig, Shaft Self, Heroism, Renounce Religion


You were on level 10 of the Dungeon.
You worshipped Okawaru.
Okawaru was most pleased with you.
You were not hungry.

You visited 2 branches of the dungeon, and saw 11 of its levels.

You collected 406 gold pieces.

Inventory:

Hand weapons
 a - a +1 war axe (weapon)
Missiles
 n - 6 tomahawks (quivered)
Armour
 k - a +0 plate armour (worn)
 l - a +1 large shield (worn)
 w - a +0 pair of gloves (worn)
Jewellery
 j - a ring of protection from fire (right hand)
 q - a ring of protection from cold (left hand)
 t - an uncursed ring of positive energy
 v - an amulet of resist corrosion (around neck)
Magical devices
 r - a wand of draining (0)
 y - a wand of teleportation (3)
Scrolls
 b - 2 scrolls of enchant weapon
 c - 2 scrolls of remove curse
 h - 10 scrolls of identify
 i - 5 scrolls of recharging
 p - a scroll of amnesia
 u - a scroll of enchant armour
 x - 2 scrolls of magic mapping
Potions
 f - 5 potions of curing
 A - a potion of heal wounds
Books
 B - a book of Dreams

   Spells                             Type                      Level
   a - Ensorcelled Hibernation        Hexes/Ice                    2
   b - Flight                         Charms/Air                   3
   c - Phase Shift                    Translocation                5
   d - Shadow Creatures               Summoning                    5
   e - Mass Confusion                 Hexes                        6
   f - Darkness                       Hexes                        7
Miscellaneous
 e - a phantom mirror
Comestibles
 d - 11 bread rations
 g - 4 fruits
 m - 5 meat rations
 o - 2 slices of pizza
 s - a royal jelly
 z - 7 beef jerkies


   Skills:
 - Level 3.2 Fighting
 + Level 10.6 Axes
 - Level 3.2 Armour
 + Level 13.4 Shields


You had 9 spell levels left.
You didn't know any spells.

Dungeon Overview and Level Annotations

Branches:
Dungeon (10/15)            Temple (1/1) D:5            Lair (0/8) D:8
    Orc: D:9-12

Altars:
Ashenzari
Cheibriados
Dithmenos
Elyvilon
Fedhas
Gozag
Kikubaaqudgha
Makhleb
Nemelex Xobeh
Okawaru
Qazlal
Ru
Sif Muna
Trog
Vehumet
Xom
Yredelemnul
Zin
The Shining One


Innate Abilities, Weirdness & Mutations

You are under a permanent stasis effect.
You can dig through walls and to a lower floor.
Your four strong arms can wield two-handed weapons with a shield.
You have a pair of large antennae on your head (SInv).
You are partially covered in iridescent scales (AC +4).
You are clumsy. (Dex -2)


Message History

The bolt of poison hits you!
You are more poisoned.
* * * LOW HITPOINT WARNING * * *
Unknown command.
You are too injured to fight recklessly!
You slash the guardian serpent!
The guardian serpent is heavily wounded.
* * * LOW HITPOINT WARNING * * *
You feel sick.
You block the guardian serpent's attack.
The guardian serpent hits you.
* * * LOW HITPOINT WARNING * * *
You hit the guardian serpent.
The guardian serpent is heavily wounded.
* * * LOW HITPOINT WARNING * * *
You feel sick.
You block the guardian serpent's attack.
Your plate armour prevents you from hitting the guardian serpent.
The guardian serpent is heavily wounded.
You die...

#....#..........#
##.............##
#.............#
#.............#
##.....#.....##
#....###....#
#....# ######
##...# #†@.#
......}S.##
........#
........#
.......## ...##.
## #. .. #


You could see a guardian serpent.

Vanquished Creatures
  The ghost of NewYearsCrawler the Cleaver, a powerful FoFi of Okawaru (D:10)
  2 trolls
  Prince Ribbit (D:8)
  2 yaks (D:8)
  A deep elf mage (D:10)
  A wyvern (D:10)
  A deep elf fighter (D:8)
  A hungry ghost (D:7)
  A mottled dragon (D:10)
  3 ice beasts
  A phantom (D:6)
  5 centaurs
  2 sky beasts
  An orc warrior (D:10)
  6 ogres
  2 crocodiles (D:8)
  A big kobold (D:9)
  3 giant frogs
  2 scorpions
  4 wights (D:7)
  A crimson imp (D:8)
  2 jellies (D:10)
  A giant frog skeleton (D:7)
  3 giant frog zombies
  2 orc priests
  2 goliath beetles
  2 iguanas
  3 hounds
  2 orc wizards
  Natasha (twice) (D:6)
  5 worker ants
  Jessica (D:3)
  A hound zombie (D:6)
  A worker ant zombie (D:7)
  10 adders
  4 river rats (D:8)
  4 gnolls (D:3)
  A giant mite (D:3)
  3 worms
  2 adder zombies
  29 orcs
  9 giant cockroaches
  14 goblins
  16 hobgoblins
  10 jackals
  19 kobolds
  5 quokkas
  2 ball pythons (D:5)
  15 bats
  6 giant geckos
  A giant gecko skeleton (D:4)
  5 giant newts
  2 quokka skeletons (D:5)
  31 rats
  A fungus (D:8)
258 creatures vanquished.

Notes
Turn   | Place    | Note
--------------------------------------------------------------
     0 | D:1      | NewYearsCrawler, the Formicid Fighter, began the quest for the Orb.
     0 | D:1      | Reached XP level 1. HP: 18/18 MP: 1/1
    93 | D:1      | Reached XP level 2. HP: 9/24 MP: 3/3
   621 | D:1      | Reached XP level 3. HP: 26/29 MP: 4/4
   944 | D:2      | Found a stormy altar of Qazlal.
  1104 | D:2      | Found a shimmering altar of Xom.
  1349 | D:2      | Found a deep blue altar of Sif Muna.
  1402 | D:2      | Reached XP level 4. HP: 32/35 MP: 5/5
  1602 | D:2      | Reached skill level 4 in Axes
  1756 | D:3      | Reached XP level 5. HP: 17/41 MP: 7/7
  2212 | D:3      | Noticed Jessica
  2223 | D:3      | Killed Jessica
  2506 | D:3      | Found a white marble altar of Elyvilon.
  2534 | D:3      | Reached skill level 5 in Axes
  2874 | D:4      | Reached XP level 6. HP: 34/47 MP: 8/8
  3010 | D:4      | Reached skill level 5 in Shields
  3827 | D:4      | Noticed a sky beast
  3841 | D:4      | Killed a sky beast
  3845 | D:4      | Gained mutation: You are partially covered in iridescent scales (AC +4). [mutagenic meat]
  4027 | D:4      | Reached XP level 7. HP: 43/52 MP: 9/9
  4087 | D:5      | Entered Level 5 of the Dungeon
  4098 | D:5      | Reached skill level 6 in Axes
  4554 | D:5      | Found a staircase to the Ecumenical Temple.
  4597 | Temple   | Entered the Ecumenical Temple
  4765 | D:5      | Got a faintly glowing great sword
  4766 | D:5      | Identified the +0 great sword "Thuxuogo" {speed, Dex-3} (You found it on level 5 of the Dungeon)
  5239 | D:6      | Reached skill level 7 in Shields
  5264 | D:6      | Reached XP level 8. HP: 29/58 MP: 11/11
  5486 | D:6      | Reached skill level 8 in Shields
  6056 | D:6      | Reached skill level 9 in Shields
  6060 | D:6      | Gained mutation: You are clumsy. (Dex -2) [mutagenic meat]
  6068 | D:6      | Noticed Natasha
  6087 | D:6      | Killed Natasha
  6107 | D:6      | Reached XP level 9. HP: 64/64 MP: 12/12
  6148 | D:6      | Noticed Natasha
  6157 | D:6      | Killed Natasha
  6294 | D:6      | Found an iron altar of Okawaru.
  6295 | D:6      | Found a bloodstained altar of Trog.
  6453 | D:6      | Became a worshipper of Warmaster Okawaru
  6490 | D:7      | Found an opulent altar of Gozag.
  6610 | D:7      | Reached skill level 10 in Shields
  6958 | D:7      | Found a sparkling altar of Nemelex Xobeh.
  7682 | D:8      | Acquired Okawaru's first power
  7682 | D:8      | Reached skill level 11 in Shields
  7761 | D:8      | Found a staircase to the Lair.
  7775 | D:8      | Reached XP level 10. HP: 68/70 MP: 13/13
  7798 | D:8      | Noticed Prince Ribbit
  8093 | D:8      | Found a snail-covered altar of Cheibriados.
  8305 | D:8      | Found a deep blue altar of Sif Muna.
  8309 | D:8      | Identified Sif Muna's Collected Works on the Escort
  8313 | D:8      | Found a radiant altar of Vehumet.
  8317 | D:8      | Identified Vehumet's Incunabulum of Confrontation
  8322 | D:8      | Found an ancient bone altar of Kikubaaqudgha.
  8326 | D:8      | Identified Kikubaaqudgha's Almanac of Evil
  8457 | D:8      | Killed Prince Ribbit
  8457 | D:8      | Reached skill level 12 in Shields
  8575 | D:9      | Found a shattered altar of Ashenzari.
  8972 | D:9      | Found a white marble altar of Elyvilon.
  8972 | D:9      | Found a blossoming altar of Fedhas.
  9305 | D:10     | Entered Level 10 of the Dungeon
  9305 | D:10     | Noticed NewYearsCrawler's ghost (powerful FoFi)
  9334 | D:10     | Killed NewYearsCrawler's ghost
  9334 | D:10     | Reached skill level 10 in Axes
  9659 | D:10     | Reached skill level 13 in Shields
  9853 | D:10     | Noticed a guardian serpent
  9866 | D:10     | HP: 2/70 [guardian serpent (5)]
  9868 | D:10     | Succumbed to a guardian serpent's bolt of poison

Action                   |  1- 3 |  4- 6 |  7- 9 | 10-12 || total
-------------------------+-------+-------+-------+-------++-------
Melee: War axe           |    96 |   195 |   519 |   274 ||  1084
       Great sword       |       |       |    11 |       ||    11
 Abil: Dig               |       |     3 |     4 |     2 ||     9
Evoke: Wand              |       |       |       |     4 ||     4
  Use: Potion            |       |     3 |     5 |     2 ||    10
       Scroll            |       |     7 |     3 |     1 ||    11
  Eat: Chunk             |       |    11 |    10 |     4 ||    25
       Bread ration      |       |       |     1 |     1 ||     2
